 Dungeon Crawl Stone Soup version 0.32-a0-42-ga30500b4d3 (webtiles) character file.

Game seed: 9265105382838329609

712 demibob the Carver (level 7, -7/52 HPs)
             Began as a Demonspawn Chaos Knight on Feb 1, 2024.
             Was a Plaything of Xom.
             Mangled by a sixfirhy (11 damage)
             ... summoned by Xom
             ... on level 3 of the Dungeon.
             The game lasted 00:04:49 (2601 turns).

demibob the Carver (Demonspawn Chaos Knight)        Turns: 2601, Time: 00:04:50

Health: -7/52      AC:  6    Str: 14    XL:     7   Next: 41%
Magic:  7/7        EV: 11    Int: 13    God:    Xom [....*.]
Gold:   40         SH:  0    Dex: 12    Spells: 6/6 levels left

rFire   . . .        a - +1 falchion (chaos)
rCold   + . .        (no shield)
rNeg    . . .        b - +2 leather armour
rPois   .            (no helmet)
rElec   .            (no cloak)
rCorr   .            e - +0 pair of gloves
SInv    .            (no boots)
Will    +....        (no amulet)
Stlth   +            C - ring of protection from cold
HPRegen 0.28/turn    W - ring of willpower
MPRegen 0.10/turn

%: no passive effects
@: hasted, very quick
A: powered by pain 1, spiny 1, demonic touch 1
a: Renounce Religion


You were on level 3 of the Dungeon.
You worshipped Xom.
You were a beloved toy of Xom.
You visited 1 branch of the dungeon, and saw 3 of its levels.

You collected 90 gold pieces.
You spent 50 gold pieces at shops.


Innate Abilities, Weirdness & Mutations

You sometimes gain a little power by taking damage.
You are partially covered in sharp spines.
Your touch may inflict minor irresistible damage on your foes.


   Skills:
 - Level 3.0 Fighting
 + Level 8.0 Long Blades
 - Level 1.7 Armour
 - Level 0.8 Dodging


You had 6 spell levels left.
You didn't know any spells.
Your spell library was empty.

Inventory:

Hand Weapons
 a - a +1 falchion of chaos (weapon)
Armour
 b - a +2 leather armour (worn)
 e - a +0 pair of gloves (worn)
 m - a +0 helmet
 n - a +2 pair of boots
Magical Staves
 k - a staff of fire {!a}
 l - a staff of air {!a}
Jewellery
 C - a ring of protection from cold (left hand)
 W - a ring of willpower (right hand)
Wands
 j - a wand of flame (5)
Scrolls
 h - a scroll of identify {@r1}
Potions
 c - a potion of attraction
 d - 2 potions of brilliance
 i - a potion of magic
 o - a potion of curing {@q1}

Dungeon Overview and Level Annotations

Branches:
Dungeon (3/15)

Altars:
Hepliaklqana

Shops:
D:1 ??[=   D:2 ?

Annotations:
D:1 2 transporters

##### #..............# §....
#.....######.♣#♣
§§§§.#####.....# #....
.§§§§..........#######♣#♣
.≈.≈≈≈≈≈§≈§.......####.........
.≈.≈...≈§§.....5..# #.........
.≈.≈.⚑.≈.≈.§5.....####..†♣.♣...
.≈.≈...≈!≈..5.3.....##..♣♣.P♣..
.≈.≈≈≈≈..≈.###@.....##♣♣♣..P♣..
.≈.......≈.# #......'♣ ♣♣♣.P♣..
o≈≈:≈≈≈≈≈§.# #......#♣ ♣...P♣##
...o.......# #......#♣.PP.♣♣♣ #
.......##.########...♣..P.P #
..o.... #....# #...♣♣.♣♣♣# #
....... ####.#####...♣.♣♣♣♣ ###
....... ####>...###.##♣♣♣.###..
....... #5.o[.....#.##..#.##P♣♣


You could see a sixfirhy (summoned), an iron imp (summoned), a quasit (summoned)
and a shadow imp (summoned).


Message History

You focus on the pain.
You feel agile all of a sudden.
Barbed spikes become lodged in your body.
The orc barely misses you. The iron imp closely misses you. x2
You hit the orc.
You kill the orc!
The red devil closely misses you. The iron imp is struck by your spines.
The iron imp misses you.
You closely miss the orc wizard. Your touch misses the orc wizard.
Your surroundings suddenly seem different.
You start resting.
You carefully extract the barbed spikes from your body.
Unknown command.
You feel a little less agile now.
HP restored.
You see here a +0 club. "Let's see if it's strong enough to survive yet."
You are now a beloved toy of Xom.
Okay, then.
You feel yourself speed up. The sixfirhy is struck by your spines.
The sixfirhy hits you! The sixfirhy shocks you! The sixfirhy hits you!
* * * LOW HITPOINT WARNING * * *
The sixfirhy shocks you!
* * * LOW HITPOINT WARNING * * *
The sixfirhy misses you. The quasit misses you.
The quasit claws you but does no damage. x2
The sixfirhy is struck by your spines. The sixfirhy hits you!
* * * LOW HITPOINT WARNING * * *
The sixfirhy shocks you!
You die...

Skill      XL: |  1  2  3  4  5  6  7 |
---------------+----------------------+-----
Long Blades    | 3 5 6 7 8 |  8.0
Fighting       | |  3.0
Armour         | |  1.7
Dodging        | |  0.8

Action                     |  1- 3 |  4- 6 |  7- 9 || total
---------------------------+-------+-------+-------++-------
  Melee: Falchion          |    56 |    78 |    15 ||   149
         Touch             |     5 |    14 |     3 ||    22
         Punch             |     1 |     2 |     1 ||     4
    Use: Scroll            |     3 |     7 |     4 ||    14
         Potion            |     2 |     1 |     1 ||     4
   Stab: Sleeping          |     1 |     1 |     1 ||     3
         Paralysed         |     1 |       |       ||     1
 Armour: Leather armour    |    34 |    60 |     9 ||   103
  Dodge: Dodged            |    31 |    55 |    17 ||   103

Levels and vault maps discovered:
D:1:      evilmike_arrival_plus, layout_basic, serial_shops,
          nicolae_shop_drivethru, shop, shop, nicolae_shop_advertising_works
          [nicolae_subvault_shop_adworks], hex_large, minmay_misc_feat_pillars
D:2:      layout_rooms, serial_shops, nicolae_shop_rolled_up, glass_columns_a,
          bh_walls_and_bars, uniq_sigmund, uniq_natasha
D:3:      layout_basic, general_overflow_altar,
          mainiacjoe_overflow_concentric_impassable,
          hellmonk_ecumenical_altar_zigzags, serial_forest,
          infiniplex_forest_clump_curved, infiniplex_forest_end_3,
          infiniplex_forest_zigzag_1, infiniplex_forest_lined_1,
          infiniplex_forest_end_2, infiniplex_forest_clump_cross, uniq_grinder,
          uniq_terence, uniq_robin, uniq_ijyb

Notes
Turn   | Place    | Note
-------+----------+-------------------------------------------
     0 | D:1      | demibob the Demonspawn Chaos Knight began the quest for the
                  | Orb.
     0 | D:1      | Reached XP level 1. HP: 18/18 MP: 1/1
    70 | D:1      | Found Mysojo's Magic Scroll Shop.
    79 | D:1      | XOM: cloud trail
   108 | D:1      | Reached skill level 3 in Long Blades
   139 | D:1      | XOM: divination: detect creatures
   151 | D:1      | XOM: 3-stop teleportation journey
   295 | D:1      | Gained mutation: Your touch may inflict minor irresistible
                  | damage on your foes. [demonic ancestry]
   295 | D:1      | Reached XP level 2. HP: 23/24 MP: 2/2
   305 | D:1      | Found Owudozar's Magic Scroll Boutique.
   312 | D:1      | Bought a scroll of identify for 24 gold pieces
   404 | D:1      | Found a transporter.
   404 | D:1      | Found Sehy's Jewellery Shop.
   416 | D:1      | Found Duex's Antique Armour Emporium.
   463 | D:1      | Found a transporter.
   714 | D:2      | XOM: divination: magic mapping
   833 | D:2      | Noticed Sigmund
   840 | D:2      | Killed Sigmund
   841 | D:2      | Reached skill level 5 in Long Blades
   841 | D:2      | Gained mutation: You are partially covered in sharp spines.
                  | [demonic ancestry]
   841 | D:2      | Reached XP level 3. HP: 29/29 MP: 3/3
   841 | D:2      | Gained mutation: You sometimes gain a little power by
                  | taking damage. [demonic ancestry]
   841 | D:2      | Reached XP level 4. HP: 35/35 MP: 4/4
   841 | D:2      | Reached XP level 5. HP: 41/41 MP: 5/5
   847 | D:2      | XOM: 2-stop teleportation journey
  1017 | D:2      | Noticed Natasha
  1024 | D:2      | Killed Natasha
  1025 | D:2      | Reached skill level 6 in Long Blades
  1046 | D:2      | Noticed Natasha
  1054 | D:2      | XOM: summons friendly white imp
  1066 | D:2      | Natasha changed into Natasha the naga
  1066 | D:2      | Noticed Natasha
  1066 | D:2      | XOM: polymorph Natasha -> Natasha the naga
  1070 | D:2      | Killed Natasha the naga
  1071 | D:2      | Reached XP level 6. HP: 14/47 MP: 6/6
  1170 | D:2      | XOM: polymorph white imp -> cerulean imp
  1196 | D:2      | XOM: 6-stop teleportation journey
  1363 | D:2      | Noticed Natasha
  1368 | D:2      | Killed Natasha
  1587 | D:2      | Found Fulituside's Magic Scroll Shop.
  1590 | D:2      | Bought a scroll of identify for 26 gold pieces
  1715 | D:3      | Found a hazy altar of Hepliaklqana.
  1835 | D:3      | Found a faded altar of an unknown god.
  1842 | D:3      | Noticed Ijyb
  1854 | D:3      | Killed Ijyb
  1855 | D:3      | Reached skill level 7 in Long Blades
  1923 | D:3      | Noticed Robin
  1931 | D:3      | Killed Robin
  2044 | D:3      | Reached XP level 7. HP: 51/52 MP: 7/7
  2175 | D:3      | Noticed Grinder
  2175 | D:3      | XOM: 3-stop teleportation journey
  2185 | D:3      | Killed Grinder
  2186 | D:3      | Reached skill level 8 in Long Blades
  2462 | D:3      | XOM: summons 4 hostile demons
  2463 | D:3      | Noticed a red devil
  2599 | D:3      | XOM: summons 4 hostile demons
  2600 | D:3      | Noticed a sixfirhy
  2601 | D:3      | HP: 4/52 [sixfirhy[Xom] (11)]
  2601 | D:3      | Mangled by a sixfirhy

Vanquished Creatures
  Grinder (D:3)
  Sigmund (D:2)
  A naga (D:2)
  A bombardier beetle (D:3)
  Ijyb (D:3)
  Natasha (twice) (D:2)
  Robin (D:3)
  6 gnolls (D:2)
  2 adders (D:3)
  3 ribbon worms (D:2)
  2 orcs
  3 endoplasms
  6 goblins (D:3)
  6 hobgoblins
  2 kobolds (D:1)
  4 quokkas
  5 ball pythons
  8 bats
  3 rats (D:2)
58 creatures vanquished.

Vanquished Creatures (others)
  A hobgoblin zombie (D:1)
1 creature vanquished.

Grand Total: 59 creatures vanquished

Table legend: (Time is in decaauts)
 A = Elapsed time spent in this place.
 B = Non-inter-level travel time spent in this place.
 C = Inter-level travel time spent in this place.
 D = Time resting spent in this place.
 E = Time spent auto-exploring this place.
 F = Levels seen in this place.
 G = Mean time per level.
                   A        B        C        D        E       F      G
               +--------+--------+--------+--------+--------+-----+--------+
         Total |   2627 |   2561 |     66 |    219 |   1928 |   3 |  875.7 |
       Dungeon |   2627 |   2561 |     66 |    219 |   1928 |   3 |  875.7 |
               +--------+--------+--------+--------+--------+-----+--------+

Top non-repeatable levels by time:
     D:3: 922 daAuts
     D:2: 901 daAuts
     D:1: 803 daAuts

Table legend:
 A = Non-vault XP
 B = Vault XP
 C = Vault XP percentage of total XP
 D = Non-vault monster count
 E = Vault monster count
 F = Vault count percentage of total count
                 A         B        C        D         E       F
            +---------+---------+-------+---------+---------+-------
      Total |     417 |     601 |  59.0 |      45 |      13 |  22.4
            +---------+---------+-------+---------+---------+-------
        D:1 |      22 |       0 |   0.0 |      13 |       0 |   0.0
        D:2 |     318 |     259 |  44.9 |      25 |       2 |   7.4
        D:3 |      77 |     342 |  81.6 |       7 |      11 |  61.1
            +---------+---------+-------+---------+---------+-------
